 Dungeon Crawl Stone Soup version 0.31-a0-986-g5e6e4ef867 (webtiles) character file.

Game seed: 116365013035217155

43 Xavori the Trooper (level 3, -3/30 HPs)
             Began as a Djinni Chaos Knight on Nov 5, 2023.
             Was a Plaything of Xom.
             Killed from afar by an orc wizard (8 damage)
             ... with a magic dart
             ... on level 2 of the Dungeon.
             The game lasted 00:02:06 (7401 turns).

Xavori the Trooper (Djinni Chaos Knight)            Turns: 7401, Time: 00:02:07

Health: -3/30      AC:  2    Str: 10      XL:     3   Next: 82%
Gold:   156        EV: 12    Int: 12 (17) God:    Xom [.....*] SH:  6 Dex: 13

rFire   + + .        a - +1 falchion (chaos)
rCold   x x .        h - +2 buckler
rNeg    . . .        l - +1 robe of Vines {NoPotionHeal Regen++++}
rPois   ∞            (no helmet)
rElec   .            (no cloak)
rCorr   .            (no gloves)
SInv    +            (boots unavailable)
Will    +++..        d - amulet of faith
Stlth   ++           (no ring)
HPRegen 4.25/turn    (no ring)
MPRegen 0.00/turn

%: faith, infuse magic (-4 HP)
@: flying
A: sickness immunity, fire resistance 2, cold vulnerability 2, float, innate
caster, HP casting, extra vitality 1, camouflage 1, see invisible, clever 1,
deformed body, strong-willed 3, mutation resistance 2, regeneration 1, inability
to drink after injury 1, sturdy frame 2, noise suppression
a: Renounce Religion


You were on level 2 of the Dungeon.
You worshipped Xom.
You were Xom's teddy bear.
You visited 1 branch of the dungeon, and saw 2 of its levels.

You collected 156 gold pieces.

Inventory:

Hand Weapons
 a - a +1 falchion of chaos (weapon)
Armour
 b - a +2 leather armour
 h - a +2 buckler (worn)
 l - the +1 robe of Vines (worn) {NoPotionHeal Regen++++}
   (Xom gifted it to you on level 1 of the Dungeon)

   NoPotionHeal: Its wearer cannot be healed by potions.
   Regen++++: It increases your rate of health regeneration.
Jewellery
 d - an amulet of faith (around neck)
Wands
 m - a wand of digging (2)
 n - a wand of roots (5)
Scrolls
 c - a scroll of butterflies
 f - a scroll of blinking {unknown}
 i - a scroll of amnesia {unknown}
 j - a scroll of silence {unknown}
 k - a scroll of fear {unknown}
 o - a scroll of teleportation {unknown}
 p - 2 scrolls of enchant weapon
 s - a scroll of summoning {unknown}
Potions
 e - a potion of curing {unknown}
 g - a potion of haste {unknown}
 q - a potion of might {unknown}
 r - a potion of heal wounds {unknown}


   Skills:
 + Level 3.2 Fighting
 + Level 3.0 Long Blades
 + Level 1.5 Armour
 + Level 2.6 Dodging
 * Level 1.0 Spellcasting
 * Level 1.0 Conjurations
 * Level 1.0 Hexes
   Level 0.0 Charms
 * Level 1.0 Summonings
 * Level 1.0 Necromancy
 * Level 1.0 Translocations
 * Level 1.0 Transmutations
 * Level 1.0 Fire Magic
 * Level 1.0 Ice Magic
 * Level 1.0 Air Magic
 * Level 1.0 Earth Magic
 * Level 1.0 Poison Magic


You knew the following spells:

 Your Spells              Type           Power      Damage    Failure   Level
a - Shock                 Conj/Air       12%        1d3       30%         1
Your spell library was empty.

Dungeon Overview and Level Annotations

Branches:
Dungeon (2/15)

Altars:
Xom


Innate Abilities, Weirdness & Mutations

You are immune to sickness and miasma.
You are immune to poison.
Your flesh is very heat resistant. (rF++)
You are very vulnerable to cold. (rC--)
You float through the air rather than walking.
You learn spells naturally, not from books.
Your magical power is your life essence.
You have superior vitality. (+4 MHP)
Your skin changes colour to match your surroundings (Stealth+).
You have supernaturally acute eyesight. (SInv)
Your mind is acute. (Int +4, Str/Dex -1)
Armour fits poorly on your strangely shaped body.
You are extremely strong-willed. (Will+++)
You are somewhat resistant to both further mutation and mutation removal.
Your natural rate of healing is unusually fast.
You occasionally lose the ability to drink potions when taking damage.
Your movements are less encumbered by armour. (ER -4)
You passively dampen the noise of your surroundings.


Message History

You are now Xom's teddy bear.
Unknown command. 2 orc wizards come into view.
There are monsters nearby!
An orc wizard comes into view.
It is wielding a +1 dagger of electrocution.
The orc wizard shouts!
An orc comes into view. It is wielding a +0 club.
The orc wizard mumbles some strange words.
The orc wizard flickers and vanishes for a moment.
The orc shouts!
Your crimson imp disappears in a puff of smoke!
There are monsters nearby!
You see here 14 gold pieces.
You hit the orc wizard.
The orc wizard seems to grow stronger.
Xom is mildly amused.
The orc wizard is heavily wounded.
You hit the orc wizard but do no damage.
The orc wizard is heavily wounded.
The orc wizard hits you with a +0 dagger.
The orc wizard barely misses you. The orc wizard misses you.
You hit the orc wizard.
The orc wizard easily resists.
The orc wizard is heavily wounded.
The orc wizard gestures at you while chanting.
The magic dart hits you.
The orc wizard hits you but does no damage.
You are electrocuted!!
Ouch! That really hurt!
* * * LOW HITPOINT WARNING * * *
The orc wizard hits you with a +3 dagger.
* * * LOW HITPOINT WARNING * * *
You are too injured to fight recklessly!
Unknown command.
You are too injured to fight recklessly!
Unknown command.
The orc wizard attacks as it pursues you!
The orc wizard completely misses you.
The orc wizard points at you and mumbles some strange words.
The magic dart hits you!
You die...
Xom titters!

##.# ########.#
.##†.#...####. ##.#
#.# #.†##.### .
##.#
#.#####.#.##..# .
##.#
###........>#..## .
##.#
####....####.##..#
##.#
#....##.###.....#
....
..............#####
##..
....######.##......
..........@o.#.....
###########$.....#
#oo###... #o..# #
#.#... .....##
....## .##.. ## .


You could see 3 orc wizards and an orc.

Vanquished Creatures
  A worm (D:2)
  6 ball pythons (D:1)
  A giant cockroach (D:1)
  A goblin (D:1)
  2 hobgoblins (D:1)
  3 jackals (D:2)
  A quokka (D:1)
  3 bats (D:1)
  2 frilled lizards (D:1)
  8 kobolds (D:1)
  3 rats (D:1)
31 creatures vanquished.

Vanquished Creatures (collateral kills)
  A bat (D:2)
  A hobgoblin (D:2)
  3 jackals (D:2)
  A rat (D:2)
6 creatures vanquished.

Grand Total: 37 creatures vanquished

Notes
Turn   | Place    | Note
-------+----------+-------------------------------------------
     0 | D:1      | Xavori the Djinni Chaos Knight began the quest for the Orb.
     0 | D:1      | Reached XP level 1. HP: 20/20 MP: 0/0
    25 | D:1      | XOM: divination: magic mapping
   104 | D:1      | Reached XP level 2. HP: 25/25 MP: 0/0
   361 | D:1      | Reached XP level 3. HP: 30/30 MP: 0/0
   361 | D:1      | Learned a level 1 spell: Shock
   568 | D:1      | XOM: give mutations
   568 | D:1      | Gained mutation: You are very vulnerable to cold. (rC--)
                  | [Xom's mischief]
   568 | D:1      | Gained mutation: You occasionally lose the ability to drink
                  | potions when taking damage. [Xom's mischief]
   668 | D:1      | XOM: summons 1 hostile demon
   669 | D:1      | Noticed a smoke demon
   914 | D:1      | XOM: god gift: +1 robe of Vines {NoPotionHeal Regen++++}
   915 | D:1      | Found the +1 robe of Vines {NoPotionHeal Regen++++}
  1329 | D:1      | XOM: silly message
  1398 | D:1      | XOM: give mutations
  1398 | D:1      | Gained mutation: You do not regenerate when monsters are
                  | visible. [Xom's mischief]
  1398 | D:1      | Gained mutation: Armour fits poorly on your strangely
                  | shaped body. [Xom's mischief]
  1398 | D:1      | Gained mutation: You are strong-willed. (Will+) [Xom's
                  | mischief]
  1398 | D:1      | Gained mutation: You have hidden genetic potential. [Xom's
                  | mischief]
  1658 | D:1      | XOM: cloud trail
  1804 | D:1      | XOM: cloud trail
  1899 | D:1      | XOM: god gift: 42 gold pieces
  1910 | D:1      | XOM: summons 2 hostile shadow creatures
  1963 | D:1      | XOM: cloud trail
  2270 | D:1      | XOM: torment (16/30 hp)
  2891 | D:1      | XOM is BORED!
  2891 | D:1      | XOM: stat loss: -3 Int (10/13)
  3126 | D:1      | XOM: god gift: shiny copper wand {god gift}
  3658 | D:1      | XOM: cloud trail
  3675 | D:1      | XOM: scenery: create altars
  4075 | D:1      | XOM: divination: detect creatures
  4104 | D:1      | XOM: god gift: wand of roots (5)
  4151 | D:1      | XOM: god gift: scroll labelled NAISHU SESK {god gift}
  4212 | D:1      | XOM: give mutations
  4212 | D:1      | Gained mutation: You passively dampen the noise of your
                  | surroundings. [Xom's grace]
  4212 | D:1      | Gained mutation: Your skin changes colour to match your
                  | surroundings (Stealth+). [Xom's grace]
  4212 | D:1      | Gained mutation: Your movements are slightly less
                  | encumbered by armour. (ER -2) [Xom's grace]
  4212 | D:1      | Gained mutation: You have supernaturally acute eyesight.
                  | (SInv) [Xom's grace]
  4259 | D:1      | XOM: scenery: create altars
  4449 | D:1      | XOM: god gift: ichor-stained plate armour {god gift}
  4449 | D:1      | Identified the +0 plate armour of Leapfrog {Str+3} (Xom
                  | gifted it to you on level 1 of the Dungeon)
  4739 | D:1      | XOM: torment (16/30 hp)
  5114 | D:1      | XOM is BORED!
  5114 | D:1      | XOM: stat loss: -2 Int (8/13)
  5225 | D:1      | XOM: god gift: 3 scrolls labelled SILESO HOWEIST {god gift}
  5783 | D:1      | XOM: cloud trail
  5879 | D:1      | XOM: cloud trail
  6466 | D:1      | XOM: god gift: quarterstaff {god gift}
  6498 | D:1      | XOM: cloud trail
  6804 | D:1      | XOM: give mutations
  6804 | D:1      | Lost mutation: You have hidden genetic potential. [Xom's
                  | grace]
  6804 | D:1      | Gained mutation: You are somewhat resistant to further
                  | mutation. [Xom's grace]
  6804 | D:1      | Gained mutation: Your mind is acute. (Int +4, Str/Dex -1)
                  | [Xom's grace]
  6804 | D:1      | Gained mutation: You are somewhat resistant to both further
                  | mutation and mutation removal. [Xom's grace]
  6804 | D:1      | Gained mutation: Your movements are less encumbered by
                  | armour. (ER -4) [Xom's grace]
  6881 | D:1      | XOM: divination: detect creatures
  7132 | D:1      | XOM: give mutations
  7132 | D:1      | Lost mutation: You do not regenerate when monsters are
                  | visible. [Xom's grace]
  7132 | D:1      | Gained mutation: Your natural rate of healing is unusually
                  | fast. [Xom's grace]
  7132 | D:1      | Gained mutation: You are highly strong-willed. (Will++)
                  | [Xom's grace]
  7132 | D:1      | Gained mutation: You are extremely strong-willed. (Will+++)
                  | [Xom's grace]
  7260 | D:2      | XOM: summons friendly iron imp
  7274 | D:2      | XOM: polymorph iron imp -> crimson imp
  7304 | D:2      | Reached skill level 1 in Spellcasting
  7304 | D:2      | Reached skill level 1 in Conjurations
  7304 | D:2      | Reached skill level 1 in Hexes
  7304 | D:2      | Reached skill level 1 in Summonings
  7304 | D:2      | Reached skill level 1 in Necromancy
  7304 | D:2      | Reached skill level 1 in Translocations
  7304 | D:2      | Reached skill level 1 in Transmutations
  7304 | D:2      | Reached skill level 1 in Fire Magic
  7304 | D:2      | Reached skill level 1 in Ice Magic
  7304 | D:2      | Reached skill level 1 in Air Magic
  7304 | D:2      | Reached skill level 1 in Earth Magic
  7304 | D:2      | Reached skill level 1 in Poison Magic
  7389 | D:2      | XOM: god gift: 49 gold pieces
  7400 | D:2      | HP: 1/30 [orc wizard/+3 dagger (4)]
  7401 | D:2      | Killed from afar by an orc wizard

Illustrated notes

Levels and vault maps discovered:
D:1:      denvon_arrival_planthouse, layout_basic
D:2:      layout_rooms, kennysheep_nub

Skill      XL: |  1  2  3 |
---------------+----------+-----
Long Blades    | 3 |  3.0
Spellcasting   | 1 |  1.0
Conjurations   | 1 |  1.0
Hexes          | 1 |  1.0
Summonings     | 1 |  1.0
Necromancy     | 1 |  1.0
Translocations | 1 |  1.0
Transmutations | 1 |  1.0
Fire Magic     | 1 |  1.0
Ice Magic      | 1 |  1.0
Air Magic      | 1 |  1.0
Earth Magic    | 1 |  1.0
Poison Magic   | 1 |  1.0
Fighting       | |  3.2
Armour         | |  1.5
Dodging        | |  2.6

Action                     || total
---------------------------++-------
  Melee: Falchion          ||    93
    Use: Scroll            ||     1
   Stab: Distracted        ||     1
 Armour: Leather armour    ||    48
         Robe              ||    18
  Dodge: Dodged            ||    72
  Block: Buckler           ||    22

Table legend: (Time is in decaauts)
 A = Elapsed time spent in this place.
 B = Non-inter-level travel time spent in this place.
 C = Inter-level travel time spent in this place.
 D = Time resting spent in this place.
 E = Time spent auto-exploring this place.
 F = Levels seen in this place.
 G = Mean time per level.
                   A        B        C        D        E       F      G
               +--------+--------+--------+--------+--------+-----+--------+
         Total |   7419 |   7409 |     10 |   6494 |    601 |   2 | 3709.5 |
       Dungeon |   7419 |   7409 |     10 |   6494 |    601 |   2 | 3709.5 |
               +--------+--------+--------+--------+--------+-----+--------+

Top non-repeatable levels by time:
     D:1: 7195 daAuts
     D:2: 223 daAuts
